 Dungeon Crawl Stone Soup version 0.26-a0-642-g67e99244d3 (webtiles) character file.

Game seed: 3022762302148683905

121231 MrRokkomies the Devastator (level 16, -6/103 HPs)
             Began as a Deep Elf Conjurer on Sept 23, 2020.
             Was an Initiate of Gozag.
             Mangled by a swamp worm (19 damage)
             ... on level 2 of the Swamp.
             The game lasted 01:45:33 (45085 turns).

MrRokkomies the Devastator (Deep Elf Conjurer)     Turns: 45085, Time: 01:45:34

Health: -6/103     AC: 17    Str: 15    XL:     16   Next: 31%
Magic:  9/32       EV: 23    Int: 35    God:    Gozag
Gold:   1443       SH:  5    Dex: 16    Spells: 6/35 levels left

rFire    . . .     SeeInvis .   a - +6 scimitar "Conservator" {vamp, Str+3 Int+4}
rCold    + . .     Faith    .   I - +0 buckler
rNeg     + . .     Spirit   .   x - +2 leather armour "Ytwas" {+Inv rC+}
rPois    +         Reflect  .   A - +1 hat
rElec    +         Harm     .   X - +1 cloak
rCorr    .         Rampage  .   j - +2 pair of gloves of Ludaigad {rElec rPois rF- MR++}
MR       +++..                  Y - +1 pair of boots
Stlth    ++........             y - amulet of Kerush {RegenMP rPois rN+}
HPRegen  0.27/turn              v - +4 ring of protection
MPRegen  0.48/turn              M - ring of Optimism {rElec rF+ Str+8 Dex+3}

@: studying Conjurations
A: no striking features
a: Potion Petition, Call Merchant, Bribe Branch, Renounce Religion, Evoke
Invisibility


You were on level 2 of the Swamp.
You worshipped Gozag.
Gozag was most pleased with you.
You visited 4 branches of the dungeon, and saw 26 of its levels.
You also visited: Gauntlet.

You collected 9638 gold pieces.
You spent 4641 gold pieces at shops.
You paid 3554 gold pieces to Gozag.

Inventory:

Hand Weapons
 a - the +6 scimitar "Conservator" (weapon) {vamp, Str+3 Int+4}
   (You bought it in a shop on level 2 of the Orcish Mines)

   It inflicts no extra harm, but heals its wielder when it wounds a living foe.
   It affects your strength (+3).
   It affects your intelligence (+4).
 b - the +1 long sword of Namu {freeze, +Inv rN+ SInv}
   (You bought it in a shop on level 4 of the Dungeon)

   It has been specially enchanted to freeze those struck by it, causing extra
   injury to most foes and up to half again as much damage against particularly
   susceptible opponents.
   It can also slow down cold-blooded creatures.
   It protects you from negative energy.
   It lets you see invisible.
   It lets you turn invisible.
Missiles
 i - 35 poisoned darts (quivered)
 P - 3 curare-tipped darts
Armour
 j - the +2 pair of gloves of Ludaigad (worn) {rElec rPois rF- MR++}
   (You found it on level 2 of the Lair of Beasts)

   It makes you vulnerable to fire.
   It insulates you from electricity.
   It protects you from poison.
   It affects your resistance to hostile enchantments.
 w - a +2 robe of fire resistance
 x - the +2 leather armour "Ytwas" (worn) {+Inv rC+}
   (You found it on level 13 of the Dungeon)

   It protects you from cold.
   It lets you turn invisible.
 A - a +1 hat (worn)
 I - a +0 buckler (worn)
 X - a +1 cloak (worn)
 Y - a +1 pair of boots (worn)
Jewellery
 f - an uncursed ring of protection from fire
 p - the ring "Deemp" {rPois rN++ MP-9 Str+6 SInv}
   (You took it off a minotaur in a Gauntlet)

   [ring of strength]

   It affects your strength (+6).
   It protects you from poison.
   It greatly protects you from negative energy.
   It affects your magic capacity (-9).
   It lets you see invisible.
 v - a +4 ring of protection (left hand)
 y - the amulet of Kerush (around neck) {RegenMP rPois rN+}
   (You bought it in a shop on level 10 of the Dungeon)

   [amulet of magic regeneration]

   It increases your magic regeneration.
   It protects you from poison.
   It protects you from negative energy.
 E - an uncursed amulet of the acrobat
 M - the ring of Optimism (right hand) {rElec rF+ Str+8 Dex+3}
   (You bought it in a shop on level 6 of the Dungeon)

   [ring of protection from fire]

   It affects your strength (+8).
   It affects your dexterity (+3).
   It protects you from fire.
   It insulates you from electricity.
 U - an uncursed ring of protection from cold
Wands
 u - a wand of paralysis (17)
 C - a wand of flame (54)
 F - a wand of polymorph (5)
 H - a wand of iceblast (41)
 N - a wand of enslavement (16)
 Q - a wand of random effects (39)
 S - a wand of disintegration (13)
 V - a wand of digging (6)
Scrolls
 c - 11 scrolls of remove curse
 d - 6 scrolls of identify
 g - 7 scrolls of immolation
 m - 3 scrolls of magic mapping
 r - 5 scrolls of enchant armour
 J - a scroll of enchant weapon
 K - a scroll of fear
 O - 6 scrolls of fog
 R - 3 scrolls of teleportation
 T - 2 scrolls of blinking
Potions
 e - 2 potions of berserk rage
 k - 15 potions of curing
 l - 3 potions of brilliance
 n - 7 potions of lignification
 o - 2 potions of flight
 q - 3 potions of ambrosia
 s - a potion of magic
 t - 5 potions of haste
 B - 6 potions of might
 D - 2 potions of mutation
 G - 2 potions of cancellation
 Z - 2 potions of resistance
Books
 h - a manual of Conjurations
Miscellaneous
 z - a box of beasts (3/3)
 L - a lightning rod (4/4)
 W - a tin of tremorstones (inert)


   Skills:
 + Level 12.9 Fighting
 + Level 6.4 Long Blades
 - Level 15.0 Dodging
 - Level 2.4 Stealth
 - Level 4.0 Shields
 - Level 10.0 Spellcasting
 * Level 15.1 Conjurations
 - Level 5.0 Translocations
 * Level 9.5 Fire Magic
 - Level 8.0 Poison Magic
 - Level 10.0 Evocations


You had 6 spell levels left.
You knew the following spells:

 Your Spells              Type           Power        Failure   Level
a - Orb of Destruction    Conj           #######...   4%          7
c - Fulminant Prism       Conj/Hex       ######....   1%          4
d - Iskenderun's Mystic   Conj/Tloc      ######..     1%          4
e - Olgreb's Toxic Radia  Pois           ######..     1%          4
f - Fireball              Conj/Fire      #######...   1%          5
g - Bolt of Magma         Conj/Fire/Erth ######....   3%          5

Your spell library contained the following spells:

 Spells                   Type           Power        Failure   Level
 Magic Dart               Conj           ####         0%          1
 Searing Ray              Conj           ######       0%          2
 Apportation              Tloc           ######       1%          1
 Foxfire                  Conj/Fire      ####         1%          1
 Shock                    Conj/Air       ####         1%          1
 Conjure Flame            Conj/Fire      #######.     1%          3
 Dazzling Flash           Conj/Hex       ######       1%          3
 Gell's Gravitas          Tloc           ######....   1%          3
 Inner Flame              Hex/Fire       ######..     1%          3
 Lesser Beckoning         Tloc           ######....   1%          3
 Spider Form              Tmut/Pois      #####.....   1%          3
 Static Discharge         Conj/Air       ######..     1%          3
 Stone Arrow              Conj/Erth      ######       1%          3
 Sticky Flame             Conj/Fire      #######.     1%          4
 Iskenderun's Battlesphe  Conj           #######.     1%          5
 Animate Skeleton         Necr           ###...       3%          1
 Corona                   Hex            ###....      3%          1
 Pain                     Necr           ###.         3%          1
 Sandblast                Erth           ###...       3%          1
 Portal Projectile        Hex/Tloc       #####.       3%          3
 Irradiate                Conj/Tmut      ######....   3%          5
 Lightning Bolt           Conj/Air       ######....   3%          5
 Corpse Rot               Necr/Air       N/A          4%          2
 Ensorcelled Hibernation  Hex/Ice        ###...       4%          2
 Passwall                 Tmut/Erth      ###.....     4%          2
 Slow                     Hex            ###.....     4%          2
 Swiftness                Air            ###.....     4%          2
 Confusing Touch          Hex            ###.....     9%          3
 Tukima's Dance           Hex            ###.....     9%          3
 Vampiric Draining        Necr           ###.......   9%          3
 Alistair's Intoxication  Tmut/Pois      #####....    16%         5
 Conjure Ball Lightning   Conj/Air       ######....   21%         6
 Iron Shot                Conj/Erth      ######....   21%         6
 Airstrike                Air            ###.......   30%         4
 Animate Dead             Necr           ###.......   30%         4
 Cause Fear               Hex            ###.......   30%         4
 Leda's Liquefaction      Hex/Erth       ###.......   30%         4
 Petrify                  Tmut/Erth      ###.....     30%         4
 Dispersal                Tloc           ######....   52%         6
 Freezing Cloud           Conj/Ice/Air   ######....   52%         6
 Agony                    Necr           ###.....     63%         5
 Lee's Rapid Deconstruct  Erth           ###.......   63%         5
 Metabolic Englaciation   Hex/Ice        ###.......   63%         5
 Yara's Violent Unravell  Hex/Tmut       ###.......   63%         5
 Invisibility             Hex            ###.....     99%         6
 Statue Form              Tmut/Erth      ###......    99%         6
 Malign Gateway           Summ/Tloc      #####.....   100%        7
 Disjunction              Tloc           ######....   100%        8
 Shatter                  Erth           ###.......   100%        9


Dungeon Overview and Level Annotations

Branches:
Dungeon (15/15)            Temple (0/1) D:5            Lair (6/6) D:8
  Swamp (3/4) Lair:4        Snake (0/4) Lair:4        Slime (0/5) Lair:6
    Orc (2/2) D:10            Elf (0/3) Orc:2        Vaults (0/5) D:14
 Depths (0/5) D:15        Gauntlet (visited)

Altars:
Ashenzari
Cheibriados
Elyvilon
Fedhas
Gozag
Hepliaklqana
Nemelex Xobeh
Ru
The Shining One
Beogh
Jiyva

Shops:
D:4 (   D:6 =   D:7 **   D:10 *}   D:11 :   Orc:2 [((*   Lair:5 :(

Annotations:
D:4 1 runed translucent door, anet's ghost, novice GnMo
D:14 3 runed translucent doors, Vit Zug's ghost, veteran KoGl; Wapneuga's ghost, adept KoGl; Xonnam's ghost, adept KoGl
Lair:2 2 transporters
Lair:3 2 transporters, Sutsebef's ghost, journeyman TrFi
Lair:6 1 runed translucent door
Swamp:3 Jorgrun


Message History

A swamp worm comes into view.
The swamp worm fires a harpoon shot at you.
The harpoon shot hits you!
* * * LOW HITPOINT WARNING * * *
You are yanked forward by the harpoon shot.
A shambling mangrove comes into view.
There is a stone staircase leading up here.
The swamp worm misses you.
Roots burst forth from the earth!
The grasping roots grab you!
* * * LOW HITPOINT WARNING * * *
The grasping roots constrict you! The swamp worm misses you.
You riposte.
You slash the swamp worm!
You feel better.
The swamp worm is moderately wounded.
The roots lose their grip on you.
You climb upwards.
There is a stone staircase leading down here.
You slash the swamp worm!
The swamp worm is heavily wounded.
The swamp worm bites you!!
You die...
Your body crumbles into a pile of gold.

.7 7...≈≈≈≈≈≈.≈.7
7...≈.7≈.≈777. .7
7....≈≈≈≈≈...7777.≈≈.≈≈≈.7 77
≈77
7..<.≈≈≈≈≈.≈..777.≈≈.≈≈≈77 7
≈.7 7...≈≈≈≈≈≈.≈≈.77...≈≈...7
≈7777≈.≈≈≈≈≈≈≈...≈77)≈..7≈≈77
..77≈.§..≈≈≈≈.7≈≈...≈≈.≈≈≈.7
≈≈777..≈..≈≈.§≈≈≈.≈≈≈≈.7≈≈77
≈.7777.7.≈≈...≈≈..)..≈≈§.77
...777.....≈.≈[w@...≈≈§≈≈7
.≈≈.777..≈≈≈≈..≈≈....≈7.77
...777...≈≈.≈≈(≈≈..7...77
≈≈≈≈777..≈≈.≈≈....≈≈..77
.≈≈.777≈.≈7.≈≈≈≈7≈≈≈.77
≈≈..77≈≈≈≈≈.≈7≈777≈7..7
.≈≈≈..7≈.....≈≈≈≈≈.≈≈77 7
.≈≈≈≈....≈≈....≈≈..777 7
≈≈≈≈≈.≈7...^...≈..77


7 You could see a swamp worm.

Vanquished Creatures
  Mara (Swamp:3)
  Gastronok (D:10)
  Roxanne (Swamp:1)
  An orc warlord (Orc:2)
  A minotaur (Gauntlet)
  An ogre mage (D:15)
  A yaktaur captain (D:15)
  A vault guard (D:14)
  12 hydras
  2 shambling mangroves
  A ghost crab (Swamp:1)
  An alligator snapping turtle (Orc:2)
  An anaconda (Lair:6)
  4 centaur warriors
  2 catoblepae
  6 death yaks (Lair:2)
  A tengu warrior (D:14)
  3 alligators
  3 two-headed ogres
  Nergalle (Lair:4)
  2 unseen horrors
  Pikel (D:8)
  2 spriggan druids
  2 swamp dragons (Swamp:1)
  2 orc knights
  A wolf spider zombie (D:15)
  A lindwurm (Lair:6)
  3 orc sorcerers (Orc:2)
  2 deep elf magi
  5 ugly things
  13 elephants
  7 cyclopes
  2 manticores
  A gargoyle (D:15)
  5 centaur zombies
  5 black mambas
  2 centaur skeletons
  5 torpor snails (Lair:6)
  11 cane toads
  A yaktaur (D:15)
  A redback zombie (D:15)
  A rime drake (Lair:5)
  7 komodo dragons
  An efreet (D:15)
  A freezing wraith (D:15)
  3 kobold demonologists (D:15)
  A wolf spider simulacrum (D:15)
  8 polar bears (Lair:6)
  8 tyrant leeches
  6 trolls
  9 blink frogs
  18 hornets
  14 slime creatures
  4 bog bodies (Swamp:1)
  10 dream sheep (Lair:6)
  10 hippogriffs
  5 raiju
  3 shadows (Swamp:2)
  A vampire (D:15)
  3 wyverns
  5 spriggans
  42 yaks
  3 wraiths
  10 vampire mosquitoes
  Eustachio (D:6)
  A basilisk (shapeshifter) (D:13)
  2 steam dragons
  2 basilisks
  6 insubstantial wisps (Swamp:2)
  12 wargs
  8 swamp worms
  19 water moccasins
  9 porcupines
  2 acid dragons (D:14)
  12 hell hounds
  17 black bears
  35 orc warriors
  A hornet zombie (D:13)
  An ice beast (D:10)
  5 sky beasts
  3 swamp drakes
  A phantom (D:7)
  15 ogres
  24 wolves
  An eye of draining (D:10)
  2 lemures (D:8)
  18 centaurs
  10 crocodiles
  4 big kobolds (D:15)
  12 bullfrogs
  4 earth elementals
  A gnoll sergeant (D:7)
  3 scorpions
  4 killer bees (D:13)
  3 howler monkeys
  15 wights
  2 electric eels (D:13)
  2 bullfrog zombies
  2 lava snakes (D:7)
  A quasit (D:7)
  6 hounds
  2 jellies
  3 bullfrog skeletons
  19 orc priests
  35 orc wizards
  Jessica (D:2)
  5 iguanas
  9 worker ants
  2 lightning spires (Gauntlet)
  A hound zombie (D:7)
  A mummy (D:6)
  11 gnolls
  14 adders
  4 shadow imps
  3 white imps
  An ufetubus (D:7)
  An adder zombie (D:9)
  3 worms
  A dart slug (D:1)
  4 leopard geckos
  116 orcs
  15 bats
  7 giant cockroaches
  9 goblins
  10 hobgoblins
  14 jackals
  10 kobolds
  A quokka (D:6)
  3 ball pythons
  6 frilled lizards
  2 leopard gecko zombies (D:7)
  A quokka zombie (D:5)
  4 rats
  A fulminant prism (Lair:6)
877 creatures vanquished.

Vanquished Creatures (collateral kills)
  Frances (D:13)
  An elephant (Lair:3)
  3 blink frogs (Lair:3)
  A shadow (D:13)
  A bullfrog skeleton (D:13)
7 creatures vanquished.

Vanquished Creatures (others)
  A centaur warrior (D:14)
  A polar bear (Lair:6)
  A centaur (D:14)
  42 fulminant prisms
  69 fungi
  133 plants
  6 withered plants
253 creatures vanquished.

Grand Total: 1137 creatures vanquished

Notes
Turn   | Place    | Note
-------+----------+-------------------------------------------
     0 | D:1      | MrRokkomies the Deep Elf Conjurer began the quest for the
                  | Orb.
     0 | D:1      | Reached XP level 1. HP: 10/10 MP: 6/6
   285 | D:1      | Reached XP level 2. HP: 15/15 MP: 4/8
   348 | D:1      | Learned a level 2 spell: Searing Ray
   865 | D:1      | Reached XP level 3. HP: 20/20 MP: 6/9
  1547 | D:2      | Reached skill level 5 in Conjurations
  1855 | D:2      | Reached skill level 1 in Fighting
  1856 | D:2      | Reached XP level 4. HP: 25/25 MP: 8/11
  1947 | D:2      | Noticed Jessica
  1959 | D:2      | Killed Jessica
  2177 | D:2      | Found a glowing golden altar of the Shining One.
  2592 | D:3      | Reached XP level 5. HP: 25/29 MP: 4/12
  2830 | D:3      | Found a faded altar of an unknown god.
  2882 | D:3      | Found an opulent altar of Gozag.
  2889 | D:3      | Became a worshipper of Gozag Ym Sagoz the Greedy
  3134 | D:3      | Found a blossoming altar of Fedhas.
  3468 | D:3      | Found a hazy altar of Hepliaklqana.
  3775 | D:3      | Learned a level 4 spell: Fulminant Prism
  3780 | D:3      | Learned a level 4 spell: Iskenderun's Mystic Blast
  4030 | D:4      | Found Yduhosin's Antique Weapon Emporium.
  4037 | D:4      | Noticed an ogre
  4040 | D:4      | Killed an ogre
  4040 | D:4      | Reached XP level 6. HP: 35/35 MP: 10/14
  4153 | D:4      | Reached skill level 5 in Dodging
  4560 | D:4      | Bought a warped long sword for 221 gold pieces
  4560 | D:4      | Identified the cursed +1 long sword of Namu {freeze, +Inv
                  | rN+ SInv} (You bought it in a shop on level 4 of the
                  | Dungeon)
  5274 | D:4      | Found a runed translucent door.
  5275 | D:4      | Noticed anet's ghost (novice GnMo)
  5314 | D:4      | Reached XP level 7. HP: 18/40 MP: 7/16
  5631 | D:5      | Entered Level 5 of the Dungeon
  5708 | D:5      | Reached skill level 5 in Spellcasting
  6239 | D:5      | Found a staircase to the Ecumenical Temple.
  6801 | D:4      | Bought an ancient short sword for 208 gold pieces
  6801 | D:4      | Identified the +6 short sword of Crystal {venom, +Rage
                  | rElec MR+ MP-9} (You bought it in a shop on level 4 of the
                  | Dungeon)
  7042 | D:6      | Found Lyddu's Jewellery Boutique.
  7369 | D:6      | Found a snail-covered altar of Cheibriados.
  7428 | D:6      | Reached XP level 8. HP: 37/45 MP: 14/17
  7490 | D:6      | Noticed Eustachio
  7501 | D:6      | Killed Eustachio
  7857 | D:7      | Found Dadud's Weapon Shop.
  7877 | D:7      | Noticed a hippogriff
  7882 | D:7      | Killed a hippogriff
  8266 | D:7      | Found Icirat's General Store.
  8348 | D:7      | Reached skill level 1 in Translocations
  8921 | D:7      | Found Hunn's Assorted Antiques.
  8980 | D:7      | Bought a potion of heal wounds for 130 gold pieces
  9245 | D:8      | Noticed Pikel
  9274 | D:8      | Killed Pikel
  9274 | D:8      | Reached skill level 1 in Shields
  9274 | D:8      | Reached XP level 9. HP: 52/52 MP: 1/18
  9658 | D:8      | Found a staircase to the Lair.
 10272 | D:9      | Found a shattered altar of Ashenzari.
 10333 | D:9      | Noticed a troll
 10337 | D:9      | Killed a troll
 10708 | D:9      | Noticed a troll
 10717 | D:9      | Killed a troll
 10717 | D:9      | Reached skill level 10 in Conjurations
 11002 | D:9      | Reached XP level 10. HP: 57/58 MP: 8/19
 11429 | D:6      | Bought the ring of Optimism {rElec rF+ Str+8 Dex+3} for 683
                  | gold pieces
 11901 | D:9      | Found a sparkling altar of Nemelex Xobeh.
 12310 | D:10     | Entered Level 10 of the Dungeon
 12310 | D:10     | Noticed a two-headed ogre
 12318 | D:10     | Killed a two-headed ogre
 12318 | D:10     | Reached skill level 5 in Fighting
 12479 | D:10     | Found a white marble altar of Elyvilon.
 12486 | D:10     | Reached skill level 10 in Dodging
 12498 | D:10     | Reached skill level 5 in Translocations
 12962 | D:10     | Noticed an unseen horror
 12974 | D:10     | Killed an unseen horror
 12974 | D:10     | Reached XP level 11. HP: 63/64 MP: 9/20
 12978 | D:10     | Noticed Gastronok
 13083 | D:10     | Found the +6 lightning scales {run, rElec}
 13351 | D:10     | Found a staircase to the Orcish Mines.
 13426 | Lair:1   | Entered Level 1 of the Lair of Beasts
 13901 | D:6      | Bought an uncursed ring of poison resistance for 220 gold
                  | pieces
 14045 | Lair:1   | Noticed a five-headed hydra
 14051 | Lair:1   | Killed a five-headed hydra
 14051 | Lair:1   | Reached skill level 1 in Evocations
 15194 | Lair:2   | Got a pair of shimmering gloves
 15205 | Lair:2   | Identified the +2 pair of gloves of Ludaigad {rElec rPois
                  | rF- MR++} (You found it on level 2 of the Lair of Beasts)
 15235 | Lair:2   | Found a transporter.
 15555 | Lair:2   | Noticed a death yak
 15560 | Lair:2   | Noticed a death yak
 15563 | Lair:2   | Noticed a death yak
 15564 | Lair:2   | Noticed a death yak
 15565 | Lair:2   | Noticed a death yak
 15565 | Lair:2   | Noticed a death yak
 15581 | Lair:2   | Killed a death yak
 15583 | Lair:2   | Killed a death yak
 15583 | Lair:2   | Killed a death yak
 15583 | Lair:2   | Killed a death yak
 15583 | Lair:2   | Killed a death yak
 15588 | Lair:2   | Killed a death yak
 15842 | Lair:2   | Found a transporter.
 15941 | Lair:2   | Noticed a six-headed hydra
 15949 | Lair:2   | Killed a six-headed hydra
 15949 | Lair:2   | Reached XP level 12. HP: 73/73 MP: 11/21
 16649 | Lair:3   | Noticed a four-headed hydra
 16660 | Lair:3   | Killed a four-headed hydra
 16806 | Lair:3   | Reached skill level 5 in Evocations
 17416 | Lair:3   | Noticed a seven-headed hydra
 17427 | Lair:3   | Killed a seven-headed hydra
 17649 | Lair:3   | Noticed Sonja
 17668 | Lair:3   | Noticed Sonja
 17668 | Lair:3   | Sonja changed into Sonja the manticore
 17675 | Lair:3   | Killed Sonja the manticore
 18496 | Lair:3   | Noticed Sutsebef's ghost (journeyman TrFi)
 18540 | Lair:3   | Found a transporter.
 18546 | Lair:3   | Found a transporter.
 19137 | Lair:4   | Found a staircase to the Swamp.
 19515 | Lair:4   | Found a staircase to the Snake Pit.
 19795 | Lair:4   | Noticed Nergalle
 19956 | Lair:4   | Found a hazy altar of Hepliaklqana.
 20058 | Lair:4   | Killed Nergalle
 20249 | Lair:4   | Reached XP level 13. HP: 64/82 MP: 1/22
 20998 | Lair:5   | Reached skill level 10 in Fighting
 21460 | Lair:5   | Identified the Almanac of Quantum Poison
 21467 | Lair:5   | Learned a level 4 spell: Olgreb's Toxic Radiance
 21703 | Lair:5   | Reached skill level 1 in Poison Magic
 22274 | Lair:6   | Entered Level 6 of the Lair of Beasts
 22494 | Lair:6   | Found a staircase to the Slime Pits.
 22494 | Lair:6   | Found a viscous altar of Jiyva.
 22958 | Lair:6   | Reached skill level 15 in Dodging
 24206 | Lair:6   | Reached skill level 5 in Poison Magic
 24792 | Lair:6   | Found a runed translucent door.
 25844 | Lair:6   | Reached XP level 14. HP: 81/88 MP: 15/27
 28484 | D:10     | Killed Gastronok
 29068 | Orc:1    | Entered Level 1 of the Orcish Mines
 29801 | Orc:2    | Entered Level 2 of the Orcish Mines
 29832 | Orc:2    | Found a roughly hewn altar of Beogh.
 30392 | Orc:2    | Found a roughly hewn altar of Beogh.
 30880 | Orc:2    | Found a staircase to the Elven Halls.
 30881 | Orc:2    | Found a roughly hewn altar of Beogh.
 31233 | Orc:2    | Found a roughly hewn altar of Beogh.
 31264 | Orc:2    | Found a roughly hewn altar of Beogh.
 31345 | Orc:2    | Noticed Saint Roka
 31690 | Orc:2    | Noticed Saint Roka
 31690 | Orc:2    | Saint Roka changed into Saint Roka the alligator snapping
                  | turtle
 31696 | Orc:2    | Killed Saint Roka the alligator snapping turtle
 31864 | Orc:2    | Found a roughly hewn altar of Beogh.
 31864 | Orc:2    | Found Ajitoat's Weapon Boutique.
 31900 | Orc:2    | Found a roughly hewn altar of Beogh.
 31938 | Orc:2    | Noticed an orc warlord
 31942 | Orc:2    | Killed an orc warlord
 31942 | Orc:2    | Reached skill level 10 in Spellcasting
 32433 | Orc:2    | Found Imuil's Antique Armour Emporium.
 32435 | Orc:2    | Found a roughly hewn altar of Beogh.
 32440 | Orc:2    | Found Qaakiasi's Antique Weapon Shoppe.
 32499 | Orc:2    | Bought a shimmering buckler for 275 gold pieces
 32509 | Orc:2    | Identified the cursed +0 buckler of the Known World
                  | {Rampage rElec Str-2 Dex-5} (You bought it in a shop on
                  | level 2 of the Orcish Mines)
 32527 | Orc:2    | Bought a warped scimitar for 297 gold pieces
 32527 | Orc:2    | Identified the +6 scimitar "Conservator" {vamp, Str+3
                  | Int+4} (You bought it in a shop on level 2 of the Orcish
                  | Mines)
 32705 | Orc:2    | Found a roughly hewn altar of Beogh.
 32714 | Orc:2    | Found Cuuh's General Store.
 32867 | D:10     | Bought a wand of iceblast (4) for 128 gold pieces
 32867 | D:10     | Bought a wand of iceblast (8) for 192 gold pieces
 32867 | D:10     | Bought a wand of iceblast (6) for 160 gold pieces
 32870 | D:10     | Bought a glowing robe for 70 gold pieces
 32870 | D:10     | Bought a heavily runed crystal amulet for 95 gold pieces
 32870 | D:10     | Bought a box of beasts (3/3) for 380 gold pieces
 32870 | D:10     | Bought a shiny jade ring for 95 gold pieces
 32890 | D:10     | Identified the amulet of Kerush {RegenMP rPois rN+} (You
                  | bought it in a shop on level 10 of the Dungeon)
 32923 | D:11     | Learned a level 5 spell: Fireball
 32993 | D:11     | Found Usegimici's Book Shop.
 33118 | D:11     | Reached skill level 1 in Fire Magic
 33118 | D:11     | Reached skill level 10 in Evocations
 33193 | D:11     | Reached skill level 1 in Long Blades
 34165 | D:12     | You fall into a shaft and drop 2 floors!
 34266 | D:14     | Found a runed translucent gate.
 34267 | D:14     | Found a runed translucent gate.
 34270 | D:14     | Found a runed translucent gate.
 34344 | D:14     | Noticed Vit Zug's ghost (veteran KoGl)
 34344 | D:14     | Noticed Wapneuga's ghost (adept KoGl)
 34344 | D:14     | Noticed Xonnam's ghost (adept KoGl)
 34490 | D:14     | Reached XP level 15. HP: 50/96 MP: 11/31
 34672 | D:13     | Found a gate leading to a gauntlet.
 34679 | Gauntlet | Entered a Gauntlet
 34679 | Gauntlet | Found a transporter.
 34679 | Gauntlet | Found a transporter.
 34679 | Gauntlet | Found a transporter.
 35004 | Gauntlet | Found a transporter.
 35014 | Gauntlet | Found a transporter.
 35029 | Gauntlet | Found a transporter.
 35039 | Gauntlet | Found a transporter.
 35054 | Gauntlet | Found a transporter.
 35060 | Gauntlet | Found a transporter.
 35074 | Gauntlet | Found a transporter.
 35079 | Gauntlet | Found a transporter.
 35083 | Gauntlet | Found a transporter.
 35277 | Gauntlet | Got a fading cloak
 35288 | Gauntlet | Identified the cursed +0 cloak of the True Pharaoh {+Inv}
                  | (You found it in a Gauntlet)
 35852 | Gauntlet | Identified the ring "Deemp" {rPois rN++ MP-9 Str+6 SInv}
 35862 | Gauntlet | Identified the Guide on Lightness and the Traveller
 35957 | D:13     | Noticed Frances
 35971 | D:13     | Killed Frances
 36503 | D:13     | Reached skill level 5 in Fire Magic
 37069 | D:13     | Got a scorched leather armour
 37080 | D:13     | Identified the +2 leather armour "Ytwas" {+Inv rC+} (You
                  | found it on level 13 of the Dungeon)
 37209 | D:12     | You fall into a shaft and drop 2 floors!
 37576 | D:14     | Identified a scroll of acquirement
 37576 | D:14     | Acquired Vehumet's Incunabulum of Torrid Combat Magic
 37681 | D:14     | Found a gate to the Vaults.
 37706 | D:14     | Learned a level 7 spell: Orb of Destruction
 38203 | D:13     | Learned a level 5 spell: Bolt of Magma
 38477 | D:7      | Bought a scroll of amnesia for 52 gold pieces
 38633 | Lair:5   | Bought a manual of Conjurations for 1435 gold pieces
 39466 | D:15     | Entered Level 15 of the Dungeon
 39487 | D:15     | Paralysed by a chaos spawn for 5 turns
 39537 | D:15     | Found a sacrificial altar of Ru.
 39738 | D:15     | Reached skill level 5 in Long Blades
 40169 | D:15     | Paralysed by a hornet for 1 turns
 40755 | D:15     | Found a staircase to the Depths.
 41165 | Swamp:1  | Entered Level 1 of the Swamp
 42805 | Swamp:1  | Noticed Roxanne
 43159 | Swamp:1  | Killed Roxanne
 43476 | Swamp:2  | Reached XP level 16. HP: 103/103 MP: 25/32
 44771 | Swamp:3  | Noticed Mara
 44782 | Swamp:3  | Noticed MrRokkomies's illusion
 44795 | Swamp:3  | Killed Mara
 44795 | Swamp:3  | Reached skill level 15 in Conjurations
 45069 | Swamp:3  | Noticed Jorgrun
 45083 | Swamp:3  | HP: 5/103 [shambling mangrove (15)]
 45085 | Swamp:2  | Mangled by a swamp worm

Illustrated notes

Levels and vault maps discovered:
D:1:      evilmike_arrival_hilbert_curve, layout_basic
D:2:      layout_loops_ring, nicolae_tso_carved_into_rock, minmay_pentomino_r2,
          uniq_jessica
D:3:      layout_loops_ring, lemuel_crystal_altar, overflow_temple_1_default,
          lemuel_crystal_altar, chequers_ecumenical_altar_island, hex_medium,
          minmay_pentangle
D:4:      layout_layer_cave, serial_shops, shop, gammafunk_ghost_grave
D:5:      layout_loops_ring, minmay_temple_entry_tees, st_stairs_8
D:6:      layout_loops_cross, slow_altar_1, serial_shops, nicolae_shop_crystal,
          uniq_eustachio
D:7:      layout_gridville, serial_shops, shop, nicolae_shop_crystal, shop,
          chequers_serial_rivers_marsh, kennysheep_generic_room_16
D:8:      layout_basic, lair_entry_dummy, uniq_pikel
D:9:      layout_small_grid, nemelex_xobeh_ov_fountains_minmay,
          nicolae_ashenzari_panopticon
D:10:     layout_gridville, orc_0_dummy, elyvilon_altar_5, uniq_gastronok
D:11:     layout_cave_pools, serial_shops, shop
D:12:     layout_irregular_city
D:13:     minmay_stone_box, layout_basic, gauntlet_entry_generic, uniq_frances
D:14:     layout_long_grid, david_vaults_5, gammafunk_ghost_cemetery
D:15:     grunt_enter_depths_snipers, layout_rooms,
          nicolae_ru_sacrificial_ziggurat, evilmike_butchery
Lair:1:   layout_cave_pods
Lair:2:   gammafunk_cloud_chamber, layout_cave_pods
Lair:3:   layout_chaotic_city, gammafunk_ghost_hive, uniq_sonja
Lair:4:   layout_gridlike, minmay_swamp_entry_worms, dummy_snake_entry,
          basic_altar, grunt_megastairs_4, lemuel_fruit_tree, uniq_nergalle
Lair:5:   layout_layer_cave, grunt_megastairs_5
Lair:6:   hangedman_lair_caniforms_friends, layout_small_grid, wormcave,
          slime_altar_1
Swamp:1:  layout_basic_swamp, evilmike_swamp_ruin_house_2, uniq_roxanne
Swamp:2:  layout_falls_marsh, hangedman_swamp_diagram, infiniplex_staircase_pool
Swamp:3:  layout_falls_marsh, evilmike_swamp_ruin_house_5, uniq_mara,
          uniq_donald, uniq_jorgrun
Orc:1:    layout_diamond_mine
Orc:2:    grunt_orc_community_town_hall, layout_caves,
          grunt_orc_community_big_house_2, grunt_orc_community_big_house_1,
          grunt_orc_community_house_3, grunt_orc_community_house_3,
          grunt_orc_community_house_2, grunt_orc_community_house_1,
          grunt_orc_community_house_2, grunt_orc_community_house_3, basic_altar,
          uniq_saint_roka

Skill      XL: |  1  2  3  4  5  6  7  8  9 10 11 12 13 14 15 16 |
---------------+-------------------------------------------------+-----
Dodging        | 3 4 5 7 8 9 10 12 14 15 | 15.0
Conjurations   | 5 6 7 9 10 11 12 14 15 | 15.1
Fighting       | 1 2 4 6 8 9 10 12 | 12.9
Spellcasting   | 4 5 7 10 | 10.0
Translocations | 2 3 5 |  5.0
Shields        | 1 3 4 |  4.0
Evocations     | 4 6 8 10 | 10.0
Poison Magic   | 6 8 |  8.0
Fire Magic     | 3 8 9 |  9.5
Long Blades    | 2 5 6 |  6.4
Stealth        | |  2.4

Action                   |  1- 3 |  4- 6 |  7- 9 | 10-12 | 13-15 | 16-18 || total
-------------------------+-------+-------+-------+-------+-------+-------++-------
Melee: Whip              |    19 |    57 |       |       |       |       ||    76
       Long sword        |       |    12 |    71 |    83 |   192 |    19 ||   377
       Scimitar          |       |       |       |       |   390 |    42 ||   432
Throw: Dart              |       |       |     8 |       |    36 |       ||    44
 Cast: Magic Dart        |    64 |    74 |    82 |   100 |   224 |       ||   544
       Searing Ray       |     2 |     8 |    49 |    98 |   151 |       ||   308
       Fulminant Prism   |       |     1 |     2 |    12 |    28 |       ||    43
       Iskenderun's Myst |       |     1 |     2 |    26 |   153 |    15 ||   197
       Olgreb's Toxic Ra |       |       |       |       |    87 |     2 ||    89
       Fireball          |       |       |       |       |    29 |     6 ||    35
       Orb of Destructio |       |       |       |       |    31 |    15 ||    46
       Bolt of Magma     |       |       |       |       |    23 |     6 ||    29
Invok: Potion Petition   |       |       |       |     1 |     1 |       ||     2
       Call Merchant     |       |       |       |       |     4 |       ||     4
 Abil: Evoke Invisibilit |       |       |       |     1 |     3 |       ||     4
Evoke: Wand              |       |       |       |    11 |    19 |     2 ||    32
       Lightning rod     |       |       |       |     4 |       |       ||     4
       Box of beasts     |       |       |       |       |     3 |       ||     3
       Tin of tremorston |       |       |       |       |       |     3 ||     3
  Use: Scroll            |       |    13 |     3 |     9 |    17 |     2 ||    44
       Potion            |       |       |       |     3 |     2 |     2 ||     7
 Stab: Sleeping          |     3 |     4 |     2 |     5 |     8 |       ||    22
       Distracted        |       |     1 |       |       |     2 |     1 ||     4
       Confused          |       |       |       |       |       |     1 ||     1
Armor: Robe              |     6 |    20 |    29 |    28 |    80 |       ||   163
       Leather armour    |       |       |       |       |    74 |    19 ||    93
Dodge: Dodged            |     9 |    57 |   126 |   326 |  1014 |    72 ||  1604
Block: Buckler           |       |       |     9 |    81 |   287 |    10 ||   387
       Rpst.: Long sword |       |     5 |    32 |    96 |   140 |     8 ||   281
       Scimitar          |       |       |       |       |   115 |    10 ||   125

Table legend: (Time is in decaauts)
 A = Elapsed time spent in this place.
 B = Non-inter-level travel time spent in this place.
 C = Inter-level travel time spent in this place.
 D = Time resting spent in this place.
 E = Time spent auto-exploring this place.
 F = Levels seen in this place.
 G = Mean time per level.
                   A        B        C        D        E       F      G
               +--------+--------+--------+--------+--------+-----+--------+
         Total |  45501 |  42653 |   2848 |   3739 |  32392 |  27 | 1685.2 |
       Dungeon |  21309 |  19359 |   1950 |    340 |  16174 |  15 | 1420.6 |
          Lair |  15547 |  14803 |    744 |   1822 |  10863 |   6 | 2591.2 |
         Swamp |   3735 |   3639 |     96 |    317 |   2791 |   3 | 1245.0 |
  Orcish Mines |   3673 |   3616 |     57 |    484 |   2377 |   2 | 1836.5 |
      Gauntlet |   1236 |   1236 |      0 |    776 |    186 |   1 | 1236.0 |
               +--------+--------+--------+--------+--------+-----+--------+

Top non-repeatable levels by time:
  Lair:6: 5508 daAuts
  Lair:3: 2734 daAuts
   Orc:2: 2289 daAuts
  Lair:4: 2074 daAuts
    D:10: 1946 daAuts
 Swamp:1: 1908 daAuts
  Lair:5: 1897 daAuts
     D:9: 1876 daAuts
     D:4: 1769 daAuts
    D:13: 1753 daAuts
  Lair:2: 1701 daAuts
  Lair:1: 1631 daAuts
     D:7: 1533 daAuts
    D:15: 1525 daAuts
 Swamp:2: 1487 daAuts
